 Dungeon Crawl Stone Soup version 0.29-a0-322-g68df515428 (webtiles) character file.

Game seed: 12247594572552875159

560 wakim the Vexing (level 7, -2/52 HPs)
             Began as a Gnoll Arcane Marksman on Apr 9, 2022.
             Slain by a centaur
             ... wielding the +12 dagger of Paper {speed, Fly rF+ MP+9}
              (8 damage)
             ... on level 5 of the Dungeon.
             The game lasted 00:17:00 (5201 turns).

wakim the Vexing (Gnoll Arcane Marksman)            Turns: 5201, Time: 00:17:01

Health: -2/52      AC:  5    Str:  9    XL:     7   Next: 31%
Magic:  12/12      EV: 13    Int: 13    God:
Gold:   288        SH:  0    Dex: 14    Spells: 6/13 levels left

rFire   . . .      SeeInvis +   a - +0 short sword (venom)
rCold   + . .      Faith    .   (no shield)
rNeg    . . .      Spirit   .   E - +1 leather armour {rC+}
rPois   .          Reflect  .   I - +1 hat
rElec   .          Harm     .   (no cloak)
rCorr   .          Rampage  .   (no gloves)
Will    +....                   (no boots)
Stlth   ++........              Y - amulet of magic regeneration
HPRegen 0.17/turn               N - ring of willpower
MPRegen 0.53/turn               U - ring of see invisible

@: lethally poisoned (-2 -> -6)
A: fangs 1, strong nose, distributed training
a: no special abilities


You were on level 5 of the Dungeon.
You visited 1 branch of the dungeon, and saw 5 of its levels.

You collected 288 gold pieces.

Inventory:

Hand Weapons
 a - a +0 short sword of venom (weapon)
 b - a +0 shortbow
 c - a +0 quarterstaff
 d - a +0 long sword of protection
Missiles
 R - 2 throwing nets {=f!f}
Armour
 E - a +1 leather armour of cold resistance (worn)
 I - a +1 hat (worn)
Jewellery
 G - a ring of fire
 N - a ring of willpower (left hand)
 S - a ring of resist corrosion
 U - a ring of see invisible (right hand)
 Y - an amulet of magic regeneration (around neck)
Scrolls
 K - a scroll of enchant armour
 L - a scroll of noise {unknown}
 T - a scroll of teleportation
 V - 2 scrolls of vulnerability {!r!r}
 W - a scroll of amnesia
Potions
 B - a potion of attraction {!q}
 F - a potion of curing
 H - a potion of lignification {unknown}
 J - 3 potions of heal wounds
 M - a potion of mutation {unknown}
 O - a potion of invisibility {unknown}
 P - 4 potions of degeneration {unknown}
 Q - a potion of resistance
 X - a potion of flight {unknown}
 Z - a potion of might {unknown}


   Skills:
 + Level 3.5 Fighting
 + Level 2.4 Short Blades
 + Level 2.4 Long Blades
 + Level 2.4 Axes
 + Level 2.4 Maces & Flails
 + Level 2.4 Polearms
 + Level 2.4 Staves
 + Level 2.4 Slings
 + Level 5.2 Bows
 + Level 2.4 Crossbows
 + Level 2.4 Throwing
 + Level 2.4 Armour
 + Level 5.2 Dodging
 + Level 2.4 Stealth
 + Level 2.4 Shields
 + Level 2.4 Unarmed Combat
 + Level 3.7 Spellcasting
 + Level 2.0 Conjurations
 + Level 5.8 Hexes
 + Level 2.0 Summonings
 + Level 2.0 Necromancy
 + Level 2.0 Translocations
 + Level 2.0 Transmutations
 + Level 2.0 Fire Magic
 + Level 2.0 Ice Magic
 + Level 2.0 Air Magic
 + Level 2.0 Earth Magic
 + Level 2.0 Poison Magic
 + Level 2.6 Invocations
 + Level 2.4 Evocations


You had 6 spell levels left.
You knew the following spells:

 Your Spells              Type           Power      Damage    Failure   Level
a - Inner Flame           Hex/Fire       12%        N/A       17%         3
d - Portal Projectile     Hex/Tloc       24%        N/A       17%         3
s - Slow                  Hex            68%        N/A       2%          1

Your spell library contained the following spells:

 Spells                   Type           Power      Damage    Failure   Level
 Dazzling Flash           Conj/Hex       24%        N/A       17%         3
 Cause Fear               Hex            8%         N/A       26%         4
 Gell's Gravitas          Tloc           7%         N/A       36%         3
 Lesser Beckoning         Tloc           7%         N/A       36%         3
 Teleport Other           Tloc           7%         N/A       36%         3
 Silence                  Hex/Air        6%         N/A       85%         5
 Agony                    Necr           7%         N/A       98%         5


Dungeon Overview and Level Annotations

Branches:
Dungeon (5/15)
 Temple: D:4-7

Altars:
Kikubaaqudgha
Trog
Yredelemnul
Zin

Shops:
D:3 [

Annotations:
D:3 Blork the orc


Innate Abilities, Weirdness & Mutations

You have very sharp teeth.
Your uncanny sense of smell can sniff out nearby items.
Your experience applies equally to all skills.


Message History

The adder is almost dead.
You feel sick.
The adder closely misses you. 37/52 (-1)
You barely miss the adder. Your bite misses the adder.
The adder is almost dead.
You feel sick.
The adder bites you but does no damage. x2
You barely miss the adder. Your bite misses the adder.
The adder is almost dead.
You feel sick.
You are no longer poisoned.
The centaur hits you with the +12 dagger of Paper {speed, Fly rF+ MP+9}.
The centaur misses you. The adder bites you.
You are poisoned.
The adder poisons you! 30/52 (-7)
You are too injured to fight recklessly!
You hit the adder.
You kill the adder!
You feel sick. The centaur closely misses you.
The centaur barely misses you. x2
The centaur closely misses you.
Your Conjurations skill increases to level 2!
Your Summonings skill increases to level 2!
Your Necromancy skill increases to level 2!
Your Translocations skill increases to level 2!
Your Transmutations skill increases to level 2!
Your Fire Magic skill increases to level 2!
Your Ice Magic skill increases to level 2!
Your Air Magic skill increases to level 2!
Your Earth Magic skill increases to level 2!
Your Poison Magic skill increases to level 2! 28/52 (-2)
You barely miss the centaur.
You feel sick.
The centaur hits you with the +12 dagger of Paper {speed, Fly rF+ MP+9}!
* * * LOW HITPOINT WARNING * * *
The centaur closely misses you.
The centaur hits you with the +12 dagger of Paper {speed, Fly rF+ MP+9}!
* * * LOW HITPOINT WARNING * * *
The centaur barely misses you.
The centaur hits you with the +12 dagger of Paper {speed, Fly rF+ MP+9}!
You die...

#.# ##..## #†# ##..#
#.# ##.# ## #.# ..#
. #.## #..# .# #..#
#.# .# ##.# #.##..#
#.## #..#..# #..##
##@c..# ##..#
#..†..# ##.#
##.##..##
###.#####..##.....
##.)....[|[.........
#.<)....##.####.#...
####.......# #.#.
#.....##### #
#.....# ∆


You could see a centaur.

Vanquished Creatures
  An ice beast (D:5)
  A sky beast (D:4)
  3 hounds
  3 iguanas
  Ijyb (D:3)
  An orc wizard (D:4)
  4 adders
  4 gnolls (D:2)
  An ufetubus (D:4)
  A worm (D:3)
  8 orcs
  4 ball pythons
  3 bats
  6 endoplasms
  2 giant cockroaches (D:2)
  5 goblins
  6 hobgoblins
  2 jackals (D:2)
  2 quokkas
  A frilled lizard (D:3)
  10 kobolds
  5 rats
74 creatures vanquished.

Notes
Turn   | Place    | Note
-------+----------+-------------------------------------------
     0 | D:1      | wakim the Gnoll Arcane Marksman began the quest for the
                  | Orb.
     0 | D:1      | Reached XP level 1. HP: 17/17 MP: 4/4
   360 | D:1      | Reached XP level 2. HP: 23/23 MP: 5/5
   793 | D:2      | Reached XP level 3. HP: 28/28 MP: 7/7
   999 | D:2      | Found a faded altar of an unknown god.
  1204 | D:2      | Reached skill level 1 in Invocations
  1250 | D:1      | Learned a level 3 spell: Inner Flame
  1402 | D:2      | Reached skill level 1 in Short Blades
  1402 | D:2      | Reached skill level 1 in Long Blades
  1402 | D:2      | Reached skill level 1 in Axes
  1402 | D:2      | Reached skill level 1 in Maces & Flails
  1402 | D:2      | Reached skill level 1 in Polearms
  1402 | D:2      | Reached skill level 1 in Staves
  1402 | D:2      | Reached skill level 1 in Slings
  1402 | D:2      | Reached skill level 1 in Crossbows
  1402 | D:2      | Reached skill level 1 in Throwing
  1402 | D:2      | Reached skill level 1 in Armour
  1402 | D:2      | Reached skill level 1 in Stealth
  1402 | D:2      | Reached skill level 1 in Shields
  1402 | D:2      | Reached skill level 1 in Unarmed Combat
  1402 | D:2      | Reached skill level 1 in Evocations
  1402 | D:2      | Reached XP level 4. HP: 28/34 MP: 8/8
  1590 | D:2      | !bestwep
  1619 | D:2      | !bestwep
  2003 | D:3      | Learned a level 3 spell: Portal Projectile
  2006 | D:3      | Found Feotra's Armour Shoppe.
  2070 | D:3      | Reached skill level 1 in Conjurations
  2070 | D:3      | Reached skill level 1 in Summonings
  2070 | D:3      | Reached skill level 1 in Necromancy
  2070 | D:3      | Reached skill level 1 in Translocations
  2070 | D:3      | Reached skill level 1 in Transmutations
  2070 | D:3      | Reached skill level 1 in Fire Magic
  2070 | D:3      | Reached skill level 1 in Ice Magic
  2070 | D:3      | Reached skill level 1 in Air Magic
  2070 | D:3      | Reached skill level 1 in Earth Magic
  2070 | D:3      | Reached skill level 1 in Poison Magic
  2686 | D:4      | Noticed Ijyb
  2687 | D:4      | Noticed Blork the orc
  3055 | D:4      | Found a glowing silver altar of Zin.
  3067 | D:4      | Noticed a sky beast
  3072 | D:4      | Killed a sky beast
  3073 | D:4      | Reached XP level 5. HP: 41/41 MP: 5/9
  3131 | D:4      | Found a bloodstained altar of Trog.
  3290 | D:4      | Reached XP level 6. HP: 47/47 MP: 5/10
  3662 | D:4      | Found a basalt altar of Yredelemnul.
  3967 | D:3      | Reached skill level 5 in Bows
  3967 | D:3      | Reached skill level 5 in Dodging
  4159 | D:3      | Killed Ijyb
  4277 | D:4      | Found an ancient bone altar of Kikubaaqudgha.
  4291 | D:5      | Entered Level 5 of the Dungeon
  4293 | D:5      | Noticed an ice beast
  4805 | D:5      | Killed an ice beast
  4806 | D:5      | Reached XP level 7. HP: 52/52 MP: 10/12
  5193 | D:5      | Identified the +12 dagger of Paper {speed, Fly rF+ MP+9}
  5201 | D:5      | Slain by a centaur

Illustrated notes

#.......# #####
##....#.# ..... #....#.#
.....########## #.......
?.............# #.......
..).....#...#.# #.......
...)........#.# #.......
............#.###.......
#....!@.####..)........
#.............##.......
..)....#####...##.######
....... #...##.######
....... #...##.......
....... #...##...####
....... #...#.......#
#.##### #...#.....#.#
###.###.....#.#


Turn 1590 on D:2: !bestwep ##....#.# #....^....# #....#.#####<####### #######
#.........##.# ......# #.........##.# #...#.# #.........##.# ....#.#
#.........##.# ....#.###.........##.# .####..)..........##.#
.......##.......@....# ####...##.######.#.### #...##.######.#.#
#...##........#.# #...##...######.# #...#.......# #.# #...#.....#.# #.#
###.###.....#.# #.# #.............###.# Turn 1619 on D:2: !bestwep

Levels and vault maps discovered:
D:1:      minmay_arrival_loop, layout_loops_ring
D:2:      layout_basic, chequers_ecumenical_altar_twisty
D:3:      layout_basic, serial_shops, nicolae_shop_statue_plus
D:4:      layout_basic, kiku_gazebo_pond_becter,
          mainiacjoe_overflow_surrounded_room, mainiacjoe_overflow_alcove_2,
          lemuel_tele_altar, serial_glass, glass_columns_a, glass_columns_b,
          glass_columns_b, glass_columns_a, glass_columns_a, glass_columns_a,
          glass_columns_c, glass_columns_b, glass_columns_b, glass_columns_b,
          glass_columns_a, glass_columns_a, glass_columns_c, glass_columns_a,
          skrybe_limestone_x, uniq_ijyb, uniq_blork_the_orc
D:5:      layout_rooms, minmay_temple_entry_proselytizer

Skill      XL: |  1  2  3  4  5  6  7 |
---------------+----------------------+-----
Invocations    | 1 2 |  2.6
Short Blades   | 1 2 |  2.4
Long Blades    | 1 2 |  2.4
Axes           | 1 2 |  2.4
Maces & Flails | 1 2 |  2.4
Polearms       | 1 2 |  2.4
Staves         | 1 2 |  2.4
Slings         | 1 2 |  2.4
Crossbows      | 1 2 |  2.4
Throwing       | 1 2 |  2.4
Armour         | 1 2 |  2.4
Stealth        | 1 2 |  2.4
Shields        | 1 2 |  2.4
Unarmed Combat | 1 2 |  2.4
Evocations     | 1 2 |  2.4
Spellcasting   | 3 |  3.7
Conjurations   | 1 2 |  2.0
Summonings     | 1 2 |  2.0
Necromancy     | 1 2 |  2.0
Translocations | 1 2 |  2.0
Transmutations | 1 2 |  2.0
Fire Magic     | 1 2 |  2.0
Ice Magic      | 1 2 |  2.0
Air Magic      | 1 2 |  2.0
Earth Magic    | 1 2 |  2.0
Poison Magic   | 1 2 |  2.0
Fighting       | 3 |  3.5
Bows           | 5 |  5.2
Dodging        | 5 |  5.2
Hexes          | |  5.8

Action                   |  1- 3 |  4- 6 |  7- 9 || total
-------------------------+-------+-------+-------++-------
Melee: Short sword       |     2 |    33 |    25 ||    60
       Bite              |       |     5 |     5 ||    10
       Punch             |       |     1 |       ||     1
 Fire: Shortbow          |    62 |   115 |    20 ||   197
 Cast: Slow              |     1 |    13 |     2 ||    16
       Inner Flame       |       |     9 |     1 ||    10
       Portal Projectile |       |     4 |     3 ||     7
  Use: Scroll            |       |     7 |     1 ||     8
       Potion            |       |     1 |       ||     1
Armor: Robe              |     6 |     2 |       ||     8
       Leather armour    |       |    33 |    15 ||    48
       Skin              |       |     6 |       ||     6
Dodge: Dodged            |    19 |   121 |    33 ||   173

Table legend: (Time is in decaauts)
 A = Elapsed time spent in this place.
 B = Non-inter-level travel time spent in this place.
 C = Inter-level travel time spent in this place.
 D = Time resting spent in this place.
 E = Time spent auto-exploring this place.
 F = Levels seen in this place.
 G = Mean time per level.
                   A        B        C        D        E       F      G
               +--------+--------+--------+--------+--------+-----+--------+
         Total |   5261 |   4766 |    495 |    459 |   3336 |   5 | 1052.2 |
       Dungeon |   5261 |   4766 |    495 |    459 |   3336 |   5 | 1052.2 |
               +--------+--------+--------+--------+--------+-----+--------+

Top non-repeatable levels by time:
     D:4: 1690 daAuts
     D:3: 1316 daAuts
     D:2: 1028 daAuts
     D:1: 947 daAuts
     D:5: 279 daAuts
